[Event "2nd China Binhai Open 2020"]
[Site "Tianjin"]
[Date "2020.01.13"]
[Round "1.1"]
[White "Sethuraman, S.P."]
[Black "Guo, Weibao"]
[Result "1-0"]
[WhiteElo "2638"]
[BlackElo "1905"]
[PlyCount "105"]
[EventDate "2020.01.13"]
[EventType "swiss"]
[EventRounds "9"]
[EventCountry "CHN"]
[TimeControl "5400+30"]
[WhiteClock "0:03:30"]
[BlackClock "0:14:12"]

1. Nf3 d5 2. e3 Nf6 3. c4 e6 4. Nc3 Be7 5. b3 O-O 6. Bb2 b6 7. d4 Bb7 8. Bd3 Nbd7 9. Qc2 Bd6 10. cxd5 exd5 11. O-O a6 12. Rac1 Re8 13. Ne2 Ne4 14. Ng3 Rc8 15. Rfd1 f6 16. Nd2 Qe7 17. Nf5 Qe6 18. Nxe4 dxe4 19. Bc4 Bd5 20. Nxd6 Qxd6 21. Bxa6 Ra8 22. Bc4 Rxa2 23. b4 Ra7 24. Qb3 Bxc4 25. Qxc4+ Kh8 26. d5 f5 27. Qd4 Ne5 28. Rc6 Qd7 29. Re6 Rxe6 30. dxe6 Qxd4 31. Rxd4 Ra8 32. Rd5 Nc4 33. h4 Re8 34. Bd4 Kg8 35. Rd7 c5 36. bxc5 bxc5 37. Rxg7+ Kf8 38. Rf7+ Kg8 39. Bxc5 Rxe6 40. Rxf5 Ne5 41. Bd4 Nf7 42. Kh2 h6 43. h5 Nd6 44. Rf6 Rxf6 45. Bxf6 Kf7 46. Be5 Ne8 47. g4 Ke6 48. Bf4 Nf6 49. Kg3 Ng8 50. g5 hxg5 51. Bxg5 Kf5 52. Kh4 Ke6 53. h6 1-0

[Event "2nd China Binhai Open 2020"]
[Site "Tianjin"]
[Date "2020.01.13"]
[Round "1.2"]
[White "Cai, Zhuoran"]
[Black "Zhou, Jianchao"]
[Result "0-1"]
[WhiteElo "1902"]
[BlackElo "2623"]
[PlyCount "74"]
[EventDate "2020.01.13"]
[EventType "swiss"]
[EventRounds "9"]
[EventCountry "CHN"]
[TimeControl "5400+30"]
[WhiteClock "0:30:31"]
[BlackClock "0:11:03"]

1. d4 Nf6 2. Nf3 g6 3. c4 Bg7 4. Nc3 O-O 5. e4 d6 6. Be2 e5 7. dxe5 dxe5 8. Qxd8 Rxd8 9. Nd5 Nxd5 10. cxd5 c6 11. Bc4 b5 12. Bb3 Bb7 13. Bg5 Rd7 14. Rd1 cxd5 15. Bxd5 Bxd5 16. Rxd5 Rxd5 17. exd5 Nd7 18. Ke2 Rc8 19. Rc1 Rxc1 20. Bxc1 Bf8 21. b3 f6 22. Be3 a6 23. Ne1 Kf7 24. Nd3 e4 25. Nf4 f5 26. Ne6 Nf6 27. Nc7 Bd6 28. Nxa6 Nxd5 29. Bd4 b4 30. g3 g5 31. Kd2 h5 32. Bc5 Ke6 33. Bd4 f4 34. Nc5+ Kf5 35. Ke2 Nc3+ 36. Bxc3 bxc3 37. Na4 c2 0-1

[Event "2nd China Binhai Open 2020"]
[Site "Tianjin"]
[Date "2020.01.13"]
[Round "1.3"]
[White "Batchuluun, Tsegmed"]
[Black "Tian, Jialin"]
[Result "1-0"]
[WhiteElo "2530"]
[BlackElo "1902"]
[Annotator "RC"]
[PlyCount "113"]
[EventDate "2020.01.13"]
[EventType "swiss"]
[EventRounds "9"]
[EventCountry "CHN"]
[TimeControl "5400+30"]
[WhiteClock "0:01:11"]
[BlackClock "0:03:53"]

1. d4 Nf6 2. c4 g6 3. Nc3 Bg7 4. e4 d6 5. f3 O-O 6. Be3 Nc6 7. Nge2 e5 8. d5 Ne7 9. Qd2 a6 10. g4 Ne8 11. h4 f5 12. g5 f4 13. Bf2 h6 14. O-O-O b5 15. c5 dxc5 16. Bxc5 Nd6 17. Kb1 h5 18. Nc1 Kh7 19. Nb3 Nb7 20. Bb4 Re8 21. Be2 Bd7 22. Na5 Nd6 23. Rc1 Nec8 24. Rc2 Nb6 25. b3 Qb8 26. Rhc1 Nb7 27. Nd1 Nxa5 28. Bxa5 Ra7 29. Nb2 Bf8 30. Ka1 Ba3 31. Rd1 Bd6 32. Nd3 Nc8 33. Nc5 Rd8 34. Rdc1 Ne7 35. Qc3 Nc8 36. Bf1 Nb6 37. Qb2 Bc8 38. Nd3 Re8 39. Qc3 Bd7 40. Nb4 Qb7 41. Nd3 Qb8 42. Qb2 Bc8 43. Bc3 Nd7 44. Ba5 Nb6 45. Nc5 Re7 46. Qc3 Re8 47. Qd2 Re7 48. Nd3 Bd7 49. Nb4 Qb7 50. Nc6 Bxc6 51. Rxc6 Nc8 52. Bh3 Ra8 53. Bxc8 Rxc8 54. Qc3 Rd7 55. Bb4 Bxb4 56. Qxb4 Rcd8 57. Qc3 1-0

[Event "2nd China Binhai Open 2020"]
[Site "Tianjin"]
[Date "2020.01.13"]
[Round "1.4"]
[White "Xu, Nuo"]
[Black "Liu, Yan"]
[Result "0-1"]
[WhiteElo "1891"]
[BlackElo "2513"]
[PlyCount "76"]
[EventDate "2020.01.13"]
[EventType "swiss"]
[EventRounds "9"]
[EventCountry "CHN"]
[TimeControl "5400+30"]
[WhiteClock "0:27:46"]
[BlackClock "0:34:43"]

1. e4 c5 2. Nf3 d6 3. c3 Nf6 4. Qc2 Bg4 5. Be2 Nc6 6. h3 Bh5 7. d3 e6 8. Be3 Be7 9. Nbd2 O-O 10. g4 Bg6 11. Nh4 d5 12. Nxg6 hxg6 13. Nf3 Rc8 14. O-O e5 15. Nd2 d4 16. Bg5 Nh7 17. Bxe7 Qxe7 18. Kg2 Ng5 19. f4 exf4 20. Rxf4 Ne6 21. Rf2 g5 22. Rh1 Ne5 23. Nf3 Nf4+ 24. Kf1 c4 25. Nxe5 Qxe5 26. dxc4 Rfd8 27. Rf3 Rd6 28. h4 Rcd8 29. cxd4 Rxd4 30. Re3 Rd2 31. Qc3 Qxc3 32. bxc3 Rxa2 33. Rh2 gxh4 34. Rxh4 g5 35. Rh2 Rdd2 36. e5 a5 37. e6 fxe6 38. Re5 Kf7 0-1

[Event "2nd China Binhai Open 2020"]
[Site "Tianjin"]
[Date "2020.01.13"]
[Round "1.6"]
[White "Chen, Yiru"]
[Black "Peng, Xiongjian"]
[Result "0-1"]
[WhiteElo "1852"]
[BlackElo "2489"]
[Annotator "RC"]
[PlyCount "84"]
[EventDate "2020.01.13"]
[EventType "swiss"]
[EventRounds "9"]
[EventCountry "CHN"]
[TimeControl "5400+30"]
[WhiteClock "0:25:14"]
[BlackClock "0:06:38"]

1. e4 g6 2. d4 Bg7 3. Be3 c5 4. c3 cxd4 5. cxd4 d5 6. e5 f6 7. Bb5+ Nc6 8. Qa4 fxe5 9. Bxc6+ bxc6 10. Qxc6+ Bd7 11. Qxd5 exd4 12. Bd2 Qc8 13. Nf3 Bc6 14. Qc4 Bxf3 15. Qxc8+ Rxc8 16. gxf3 Nf6 17. Na3 Nd7 18. f4 Nc5 19. b3 O-O 20. O-O Nd3 21. Nc4 Rc5 22. Rad1 Rh5 23. Be3 Nxf4 24. Bxf4 Rxf4 25. Rd2 Rg4+ 26. Kh1 Bh6 27. Rd3 e5 28. Re1 Bf4 29. h3 Rgg5 30. Nd6 Be3 31. Kh2 Bxf2 32. Rc1 Be3 33. Rc8+ Kg7 34. Rc7+ Kf8 35. Rf7+ Kg8 36. Rxa7 Rh4 37. Re7 Rf4 38. Re8+ Kg7 39. Re7+ Kf6 40. Rxh7 Rf2+ 41. Kh1 Rf1+ 42. Kh2 Bf4+ 0-1

[Event "2nd China Binhai Open 2020"]
[Site "Tianjin"]
[Date "2020.01.13"]
[Round "1.8"]
[White "Chen, Yining"]
[Black "Zhao, Yuanhe"]
[Result "0-1"]
[WhiteElo "1826"]
[BlackElo "2470"]
[Annotator "RC"]
[PlyCount "44"]
[EventDate "2020.01.13"]
[EventType "swiss"]
[EventRounds "9"]
[EventCountry "CHN"]
[TimeControl "5400+30"]
[WhiteClock "1:06:21"]
[BlackClock "0:44:25"]

1. d4 Nf6 2. c4 g6 3. Nc3 d5 4. cxd5 Nxd5 5. e4 Nxc3 6. bxc3 Bg7 7. Be3 c5 8. Qd2 O-O 9. Rc1 b6 10. Nf3 Nc6 11. d5 Na5 12. c4 e6 13. Bd3 exd5 14. cxd5 Re8 15. Qc2 Bd7 16. O-O c4 17. Bxc4 Rc8 18. Qe2 Rxc4 19. Rxc4 Bb5 20. Nd2 Nxc4 21. Nxc4 Rxe4 22. Rc1 Qxd5 0-1

[Event "2nd China Binhai Open 2020"]
[Site "Tianjin"]
[Date "2020.01.13"]
[Round "1.9"]
[White "Zou, Chen"]
[Black "He, Ping"]
[Result "1-0"]
[ECO "B09"]
[WhiteElo "2459"]
[BlackElo "1812"]
[PlyCount "53"]
[EventDate "2020.01.13"]
[EventType "swiss"]
[EventRounds "9"]
[EventCountry "CHN"]
[TimeControl "5400+30"]

1. e4 d6 2. d4 Nf6 3. Nc3 g6 4. f4 Bg7 5. Nf3 O-O 6. e5 dxe5 7. fxe5 Nfd7 8. h4 c5 9. h5 cxd4 10. hxg6 hxg6 11. Qxd4 Nxe5 12. Qh4 Nxf3+ 13. gxf3 f5 14. Qh7+ Kf7 15. Rg1 Qb6 16. Bc4+ Ke8 17. Rxg6 Bxc3+ 18. bxc3 Qc5 19. Bh6 Qxc4 20. Bxf8 Qxc3+ 21. Kf2 Qxc2+ 22. Kg1 Qc5+ 23. Kh1 Nc6 24. Bxe7 Nxe7 25. Qh8+ Kd7 26. Rd1+ Kc7 27. Qh2+ 1-0

[Event "2nd China Binhai Open 2020"]
[Site "Tianjin"]
[Date "2020.01.13"]
[Round "1.10"]
[White "Xu, Yiming"]
[Black "Xiang, Zeyu"]
[Result "0-1"]
[ECO "C20"]
[WhiteElo "1778"]
[BlackElo "2446"]
[PlyCount "62"]
[EventDate "2020.01.13"]
[EventType "swiss"]
[EventRounds "9"]
[EventCountry "CHN"]
[TimeControl "5400+30"]

1. e4 e5 2. Nc3 Nc6 3. d3 Bc5 4. Be3 d6 5. Qd2 Be6 6. g3 Qd7 7. h4 Bxe3 8. fxe3 Nf6 9. Bg2 d5 10. exd5 Nxd5 11. Ne4 b6 12. Nh3 h6 13. Nhf2 O-O-O 14. a3 f5 15. Nc3 Nxc3 16. Qxc3 Bd5 17. e4 fxe4 18. Nxe4 Nd4 19. Qd2 Qc6 20. c4 Bxe4 21. dxe4 Nf3+ 22. Bxf3 Rxd2 23. Kxd2 Rd8+ 24. Kc3 Qc5 25. Bg4+ Kb7 26. Rae1 Qf2 27. Be2 Qe3+ 28. Kb4 Rd2 29. b3 Rb2 30. Bd1 Qd2+ 31. Ka4 Qa5# 0-1

[Event "2nd China Binhai Open 2020"]
[Site "Tianjin"]
[Date "2020.01.13"]
[Round "1.12"]
[White "Jiang, Ming Rong"]
[Black "Munguntuul, Batkhuyag"]
[Result "0-1"]
[ECO "A00"]
[WhiteElo "1716"]
[BlackElo "2430"]
[PlyCount "68"]
[EventDate "2020.01.13"]
[EventType "swiss"]
[EventRounds "9"]
[EventCountry "CHN"]
[TimeControl "5400+30"]

1. e4 c5 2. Nf3 e6 3. d4 cxd4 4. Nxd4 Nc6 5. Nc3 Qc7 6. Be3 a6 7. Qf3 Nf6 8. O-O-O Ne5 9. Qg3 b5 10. a3 Bb7 11. Bxb5 Rc8 12. Ba4 Bxa3 13. Nde2 Be7 14. Bd4 Nc6 15. e5 Nh5 16. Qh3 Bg5+ 17. Kb1 Nf4 18. Qg4 Nxe2 19. Qxe2 O-O 20. Bc5 Rfd8 21. Rhf1 Qa5 22. Bd6 Bf4 23. Qe4 Bxe5 24. Bxe5 Nxe5 25. Qxb7 Rb8 26. Qe4 Qxc3 27. Bb3 Qa5 28. f4 Nc6 29. f5 Rxb3 30. cxb3 Nb4 31. Rf3 d5 32. Qd4 Rc8 33. Rc3 Qa2+ 34. Kc1 Qa1+ 0-1

[Event "2nd China Binhai Open 2020"]
[Site "Tianjin"]
[Date "2020.01.13"]
[Round "1.14"]
[White "Li, Zimeng"]
[Black "Lin, Yi"]
[Result "0-1"]
[ECO "A00"]
[WhiteElo "1678"]
[BlackElo "2415"]
[PlyCount "112"]
[EventDate "2020.01.13"]
[EventType "swiss"]
[EventRounds "9"]
[EventCountry "CHN"]
[TimeControl "5400+30"]

1. e4 c5 2. Nf3 e6 3. d4 cxd4 4. Nxd4 Nc6 5. Nc3 Qc7 6. Be2 a6 7. O-O b5 8. a3 Bb7 9. Nxc6 Bxc6 10. Be3 Nf6 11. Bd3 Bb7 12. Qe2 h5 13. h3 h4 14. Rad1 Rc8 15. Qf3 Bd6 16. Bd4 Be5 17. Qe3 Bxd4 18. Qxd4 Qc5 19. Qxc5 Rxc5 20. f3 Ke7 21. Ne2 g5 22. b3 d5 23. exd5 Nxd5 24. Kf2 Rhc8 25. c4 bxc4 26. Bxc4 a5 27. Bd3 Nc3 28. Nxc3 Rxc3 29. Bc4 Rc2+ 30. Kg1 Rd8 31. Rxd8 Kxd8 32. Rd1+ Ke7 33. a4 Bc6 34. Kf1 Be8 35. Re1 Kd6 36. Re2 Rxe2 37. Kxe2 Kc5 38. Ke3 Bc6 39. Kd3 Bd7 40. Kc3 f6 41. Be2 Bc6 42. Bc4 Bd5 43. Bd3 e5 44. Be4 Be6 45. Bc2 Bc8 46. Bd3 Bb7 47. Kc2 Kb4 48. Kb2 Bd5 49. Bc2 Bf7 50. Bd1 Be6 51. Bc2 Bd5 52. Bd1 e4 53. fxe4 Bxe4 54. Bg4 Bxg2 55. Bf5 Bd5 56. Bc2 Be6 0-1

[Event "2nd China Binhai Open 2020"]
[Site "Tianjin"]
[Date "2020.01.13"]
[Round "1.15"]
[White "Huang, Renjie"]
[Black "Ha, Yihan"]
[Result "1-0"]
[ECO "A00"]
[WhiteElo "2416"]
[BlackElo "1657"]
[Annotator "RC"]
[PlyCount "91"]
[EventDate "2020.01.13"]
[EventType "swiss"]
[EventRounds "9"]
[EventCountry "CHN"]
[TimeControl "5400+30"]

1. e4 c6 2. d4 d5 3. e5 Bf5 4. Nf3 e6 5. Be2 Nd7 6. O-O Ne7 7. c3 h6 8. Nbd2 g5 9. Re1 Bh7 10. Nf1 Bg7 11. Ng3 O-O 12. Nh5 f5 13. exf6 Nxf6 14. Nxg7 Kxg7 15. Bd3 Bxd3 16. Qxd3 Ne4 17. Be3 Ng6 18. Ne5 Nxe5 19. dxe5 g4 20. c4 Qe7 21. Qe2 Qh4 22. cxd5 cxd5 23. Rac1 Rf7 24. Rc2 a6 25. b4 Raf8 26. Rec1 Rf5 27. Rc7+ Kg6 28. Rc8 Rxc8 29. Rxc8 Kg7 30. Qc2 Rf7 31. Re8 g3 32. hxg3 Qg4 33. Bf4 Qf5 34. Qc8 Ng5 35. Rh8 Rf8 36. Rxf8 Qxf8 37. Qxb7+ Kg6 38. Qxa6 Qf5 39. b5 Qb1+ 40. Kh2 Qd1 41. Bxg5 Kxg5 42. Qxe6 Qh5+ 43. Qh3 Qe2 44. Qh4+ Kg6 45. Qf6+ Kh7 46. Qf7+ 1-0

[Event "2nd China Binhai Open 2020"]
[Site "Tianjin"]
[Date "2020.01.13"]
[Round "1.16"]
[White "Zhang, Yichi"]
[Black "Xu, Minghui"]
[Result "0-1"]
[ECO "A00"]
[WhiteElo "1638"]
[BlackElo "2406"]
[PlyCount "88"]
[EventDate "2020.01.13"]
[EventType "swiss"]
[EventRounds "9"]
[EventCountry "CHN"]
[TimeControl "5400+30"]

1. e4 c6 2. d4 d5 3. exd5 cxd5 4. Nf3 Nc6 5. Bd3 Qc7 6. c3 Bg4 7. O-O e6 8. Be3 Bd6 9. h3 Bh5 10. Nbd2 Nge7 11. Re1 h6 12. Be2 O-O 13. Nh4 Bxe2 14. Qxe2 Nf5 15. Nxf5 exf5 16. Nf3 Rae8 17. Qb5 Qd7 18. Bd2 Re4 19. Kh1 Bb8 20. a4 a6 21. Qf1 Rfe8 22. b4 Qd6 23. g3 Qe6 24. Rxe4 fxe4 25. Nh2 Ne7 26. Ng4 h5 27. Ne3 h4 28. Qg2 hxg3 29. fxg3 Nf5 30. Nxf5 Qxf5 31. Rf1 Qd7 32. a5 e3 33. Be1 Re4 34. g4 Qb5 35. Rf5 Rf4 36. Rxf4 Bxf4 37. Qf3 g5 38. h4 Qd3 39. hxg5 Qh7+ 40. Kg2 Qh2+ 41. Kf1 Bxg5 42. Qg2 e2+ 43. Qxe2 Qh1+ 44. Kf2 Bh4+ 0-1

[Event "2nd China Binhai Open 2020"]
[Site "Tianjin"]
[Date "2020.01.13"]
[Round "1.18"]
[White "Yu, Zhuoming"]
[Black "Ning, Kaiyu"]
[Result "0-1"]
[ECO "A00"]
[WhiteElo "1618"]
[BlackElo "2353"]
[PlyCount "78"]
[EventDate "2020.01.13"]
[EventType "swiss"]
[EventRounds "9"]
[EventCountry "CHN"]
[TimeControl "5400+30"]

1. d4 d5 2. e3 Nf6 3. c4 e6 4. Nf3 b6 5. b3 Bb7 6. Bb2 Nbd7 7. Nbd2 Bd6 8. g3 dxc4 9. bxc4 c5 10. Bg2 cxd4 11. exd4 O-O 12. O-O Rc8 13. Rc1 Rc7 14. Qa4 Qa8 15. Ne1 Rfc8 16. Bxb7 Qxb7 17. Ng2 h5 18. Qb3 Qa6 19. h4 Ng4 20. Ne4 Be7 21. Nf4 Rxc4 22. Nxh5 Rxc1 23. Rxc1 Rxc1+ 24. Bxc1 Qe2 25. Qb1 f5 26. Nf4 Qxe4 27. Qxe4 fxe4 28. Nxe6 Ndf6 29. Bf4 Nd5 30. Bb8 Kf7 31. Nc7 Nxc7 32. Bxc7 Ke6 33. Kf1 Bf6 34. Bb8 Bxd4 35. Bxa7 Bxf2 36. a4 Kd5 37. a5 bxa5 38. Bxf2 Nxf2 39. Kxf2 a4 0-1

[Event "2nd China Binhai Open 2020"]
[Site "Tianjin"]
[Date "2020.01.13"]
[Round "1.19"]
[White "Nie, Xinyang"]
[Black "Zhai, Pinran"]
[Result "1-0"]
[ECO "A00"]
[WhiteElo "2348"]
[BlackElo "1612"]
[PlyCount "51"]
[EventDate "2020.01.13"]
[EventType "swiss"]
[EventRounds "9"]
[EventCountry "CHN"]
[TimeControl "5400+30"]

1. d4 d5 2. c4 e6 3. Nc3 Nf6 4. Bg5 Be7 5. e3 Nbd7 6. cxd5 Nxd5 7. Bxe7 Qxe7 8. Nf3 a6 9. Bd3 Nxc3 10. bxc3 Nf6 11. O-O O-O 12. a4 Bd7 13. Ne5 Bc6 14. Qc2 Qd6 15. Rfb1 b6 16. c4 Bd7 17. a5 Rfb8 18. Rb2 h6 19. Rab1 b5 20. Nxd7 Nxd7 21. cxb5 axb5 22. Rxb5 Rxb5 23. Bxb5 g6 24. Qc6 Rd8 25. Qxd6 cxd6 26. a6 1-0

[Event "2nd China Binhai Open 2020"]
[Site "Tianjin"]
[Date "2020.01.13"]
[Round "1.20"]
[White "Yang, Jingsen"]
[Black "Zhai, Mo"]
[Result "0-1"]
[ECO "C65"]
[WhiteElo "1606"]
[BlackElo "2366"]
[Annotator "RC"]
[PlyCount "133"]
[EventDate "2020.01.13"]
[EventType "swiss"]
[EventRounds "9"]
[EventCountry "CHN"]
[TimeControl "5400+30"]

1. e4 e5 2. Nf3 Nc6 3. Bb5 Nf6 4. O-O Bc5 5. d3 d6 6. h3 h6 7. c3 O-O 8. Nbd2 Bd7 9. a4 a5 10. Nc4 Re8 11. Be3 Bxe3 12. Nxe3 Ne7 13. Bc4 Bc6 14. Qb3 Rf8 15. Rfe1 Ng6 16. Nd5 Rb8 17. d4 Bxd5 18. Bxd5 Qe7 19. dxe5 Nxe5 20. Nxe5 Qxe5 21. f3 Nh5 22. Qd1 Qg3 23. Qd2 Nf4 24. Kh1 Rfe8 25. Bc4 Re5 26. Bf1 Rg5 27. Re3 Re8 28. Rc1 Re6 29. Rc2 Reg6 30. Qf2 Nxh3 31. Qxg3 Rxg3 32. e5 Nf4 33. exd6 Rxd6 34. Kh2 Rg5 35. Re4 Ne6 36. Bc4 Kf8 37. Rce2 Ke7 38. f4 Rh5+ 39. Kg3 Kd7 40. Kg4 g6 41. Kf3 Rh1 42. Bxe6+ Rxe6 43. Rd4+ Ke7 44. Red2 Kf6 45. g3 h5 46. Rd7 Re7 47. R7d5 b6 48. b4 axb4 49. cxb4 Rf1+ 50. Kg2 Rb1 51. R5d4 Re3 52. a5 bxa5 53. bxa5 Rbb3 54. Ra4 Rxg3+ 55. Kf1 Rgf3+ 56. Ke2 Rfe3+ 57. Kf2 Rh3 58. Kg2 Rbg3+ 59. Kf2 h4 60. Ke1 Rh1+ 61. Ke2 Rh2+ 62. Kd1 Rxd2+ 63. Kxd2 h3 64. Ra1 h2 65. Rh1 Ra3 66. Rf1 Rxa5 67. Ke3 0-1

[Event "2nd China Binhai Open 2020"]
[Site "Tianjin"]
[Date "2020.01.13"]
[Round "1.21"]
[White "Kaiyrbekov, Rustam"]
[Black "Geng, Tiankai"]
[Result "1-0"]
[ECO "A00"]
[WhiteElo "2329"]
[BlackElo "1543"]
[PlyCount "95"]
[EventDate "2020.01.13"]
[EventType "swiss"]
[EventRounds "9"]
[EventCountry "CHN"]
[TimeControl "5400+30"]

1. d4 Nf6 2. c4 g6 3. Nc3 d5 4. Bf4 Bg7 5. e3 O-O 6. Nf3 c6 7. Bd3 Qb6 8. Qc2 Be6 9. c5 Qd8 10. O-O Nh5 11. h3 Nxf4 12. exf4 Qc8 13. Rfe1 a5 14. Na4 Nd7 15. Qd2 Qc7 16. Ng5 Bxd4 17. Rxe6 h6 18. Nxf7 Rxf7 19. Rxg6+ Bg7 20. f5 Ne5 21. Re6 Nxd3 22. Qxd3 Raf8 23. g4 Qf4 24. Nc3 Bd4 25. Rf1 Bf6 26. b3 h5 27. Ne2 Qg5 28. f4 Qh4 29. g5 Bg7 30. f6 exf6 31. g6 Rd7 32. Nd4 f5 33. Nxf5 Qd8 34. Nxg7 Rxg7 35. f5 Rf6 36. Rfe1 Rxe6 37. Rxe6 Qg5+ 38. Kh2 Qf4+ 39. Kg2 Qg5+ 40. Qg3 Qd2+ 41. Qf2 Qg5+ 42. Kh2 Kf8 43. Qe3 Qxe3 44. Rxe3 h4 45. Re6 Rd7 46. f6 Rd8 47. Kg2 d4 48. Rd6 1-0

[Event "2nd China Binhai Open 2020"]
[Site "Tianjin"]
[Date "2020.01.13"]
[Round "1.23"]
[White "Li, Yunshan"]
[Black "Guan, Runpei"]
[Result "1-0"]
[ECO "A00"]
[WhiteElo "2287"]
[BlackElo "1561"]
[PlyCount "71"]
[EventDate "2020.01.13"]
[EventType "swiss"]
[EventRounds "9"]
[EventCountry "CHN"]
[TimeControl "5400+30"]

1. d4 d5 2. c4 c6 3. cxd5 cxd5 4. Bf4 Nc6 5. e3 Nf6 6. Nc3 Qb6 7. a3 Bf5 8. Na4 Qd8 9. b4 e6 10. Nc5 Bxc5 11. dxc5 e5 12. Bg5 d4 13. Bb5 Qd5 14. Nf3 Bg4 15. Bxf6 gxf6 16. Be2 Bxf3 17. gxf3 a6 18. e4 Qe6 19. Bd3 Rg8 20. h4 Ke7 21. Ke2 Rg2 22. Qa4 Qc8 23. Rag1 Qg8 24. Kf1 Rg6 25. Qb3 Qf8 26. a4 Qh6 27. Ke2 Qf8 28. b5 axb5 29. axb5 Na5 30. Qb4 Rxg1 31. Rxg1 Qd8 32. Rg7 Qf8 33. Rg1 Qd8 34. Rc1 Ke8 35. c6 Rc8 36. Rg1 1-0

[Event "2nd China Binhai Open 2020"]
[Site "Tianjin"]
[Date "2020.01.13"]
[Round "1.24"]
[White "Zhou, Yichen"]
[Black "Xi, Qi"]
[Result "1/2-1/2"]
[ECO "A00"]
[WhiteElo "1536"]
[BlackElo "2261"]
[PlyCount "106"]
[EventDate "2020.01.13"]
[EventType "swiss"]
[EventRounds "9"]
[EventCountry "CHN"]
[TimeControl "5400+30"]

1. Nf3 d5 2. g3 Nf6 3. Bg2 c6 4. O-O Bf5 5. d3 Nbd7 6. b3 e5 7. Bb2 Qc7 8. Nbd2 Bd6 9. Re1 O-O 10. e4 Bg6 11. Nh4 Bh5 12. Bf3 Bxf3 13. Qxf3 Rfe8 14. a3 a5 15. Rac1 Nc5 16. Qg2 Rad8 17. Nf5 Bf8 18. exd5 cxd5 19. a4 Ncd7 20. Ne3 d4 21. Nec4 Bb4 22. Re2 Nf8 23. Nf3 Ng6 24. Rf1 h6 25. h4 Re6 26. Qh3 Nd5 27. Qg4 Nf6 28. Qh3 Nd5 29. Qg4 Nf6 30. Qh3 Rde8 31. h5 Nf8 32. Qh4 N8d7 33. Qh1 Qc6 34. Ba1 Ng4 35. Bb2 R8e7 36. Nh4 Ngf6 37. Nf5 Re8 38. f3 b5 39. axb5 Qxb5 40. g4 Nd5 41. Bc1 f6 42. f4 Nc3 43. Ref2 Qc5 44. Qb7 Qd5 45. Qxd5 Nxd5 46. fxe5 fxe5 47. g5 hxg5 48. Bxg5 Rf8 49. Rg2 Kh7 50. Bd2 Rg8 51. Bxb4 axb4 52. Re2 Rge8 53. Ncd6 Rg8 1/2-1/2

[Event "2nd China Binhai Open 2020"]
[Site "Tianjin"]
[Date "2020.01.13"]
[Round "1.25"]
[White "Yan, Tianqi"]
[Black "Song, Ethan"]
[Result "1-0"]
[ECO "A00"]
[WhiteElo "2240"]
[BlackElo "1494"]
[PlyCount "141"]
[EventDate "2020.01.13"]
[EventType "swiss"]
[EventRounds "9"]
[EventCountry "CHN"]
[TimeControl "5400+30"]

1. e4 e5 2. Nf3 Nc6 3. Bb5 Nf6 4. d3 d6 5. O-O a6 6. Bxc6+ bxc6 7. d4 Bg4 8. dxe5 Nxe4 9. exd6 Nxd6 10. h3 Be6 11. Ne5 c5 12. Qf3 Be7 13. Nc6 Qd7 14. Nxe7 Kxe7 15. Qc3 c4 16. Qxg7 Rag8 17. Bg5+ Ke8 18. Qe5 h6 19. Bf6 Rh7 20. Nc3 Kf8 21. Rfe1 Rg6 22. g3 h5 23. h4 Qc6 24. Rad1 Qf3 25. Rxd6 Qxf6 26. Qxf6 Rxf6 27. Rxa6 Kg7 28. Rc6 Rh8 29. Rxc7 Bf5 30. Nd5 Ra6 31. Ne3 Bg6 32. a3 Rb8 33. Nxc4 Bxc2 34. b4 Rd8 35. b5 Ra4 36. b6 Bb3 37. Ne5 Bd5 38. b7 Rb8 39. Rb1 Ra7 40. Rd7 Raxb7 41. Rbxb7 Bxb7 42. Rxf7+ Kg8 43. Kh2 Bd5 44. Rf5 Be4 45. Rxh5 Kg7 46. Rg5+ Kh7 47. Nd7 Rd8 48. Nf6+ Kh6 49. Nxe4 Rd4 50. Nc5 Rd1 51. a4 Ra1 52. Rd5 Ra2 53. Kg2 Kg6 54. g4 Rc2 55. h5+ Kh6 56. Kg3 Rc3+ 57. Nd3 Ra3 58. Rd6+ Kg7 59. h6+ Kh7 60. g5 Rxa4 61. Rd7+ Kg8 62. g6 Ra8 63. Nc5 Kh8 64. Rh7+ Kg8 65. Rg7+ Kf8 66. Nd7+ Ke8 67. h7 Ra3+ 68. f3 Rxf3+ 69. Kxf3 Kd8 70. Nf6 Kc8 71. h8=Q# 1-0

[Event "2nd China Binhai Open 2020"]
[Site "Tianjin"]
[Date "2020.01.13"]
[Round "1.26"]
[White "Shao, Ziyang B"]
[Black "Zhu, Hengyi"]
[Result "0-1"]
[ECO "A00"]
[WhiteElo "1464"]
[BlackElo "2238"]
[PlyCount "90"]
[EventDate "2020.01.13"]
[EventType "swiss"]
[EventRounds "9"]
[EventCountry "CHN"]
[TimeControl "5400+30"]

1. e4 c5 2. Nf3 d6 3. d4 cxd4 4. Nxd4 Nf6 5. Nc3 a6 6. Bg5 Nbd7 7. f4 Qb6 8. Qd2 e5 9. Nb3 h6 10. Bxf6 Nxf6 11. f5 Qc7 12. O-O-O b5 13. a3 Bb7 14. Nd5 Bxd5 15. exd5 Rc8 16. Kb1 Be7 17. g3 Qb6 18. Bg2 Ng4 19. Rde1 Bg5 20. Qe2 Ne3 21. Be4 Nc4 22. Bd3 h5 23. h4 Bf6 24. g4 hxg4 25. Qxg4 Ke7 26. Rh3 Rc7 27. h5 a5 28. Re2 Qb7 29. Qe4 Kd7 30. Nd2 Nxd2+ 31. Rxd2 Qb6 32. Qe2 Rc5 33. Be4 Ke7 34. Rb3 Qb7 35. a4 b4 36. c3 Rb8 37. cxb4 axb4 38. Rc2 Rxc2 39. Qxc2 Rc8 40. Qd3 Rc5 41. Qd2 Rc4 42. Qe2 Qc7 43. Bc2 Rh4 44. Qe1 Qa5 45. Bd1 Qxd5 0-1

[Event "2nd China Binhai Open 2020"]
[Site "Tianjin"]
[Date "2020.01.13"]
[Round "1.27"]
[White "Zhang, Xiao"]
[Black "Xu, Zicheng"]
[Result "1-0"]
[ECO "D11"]
[WhiteElo "2199"]
[BlackElo "1448"]
[PlyCount "95"]
[EventDate "2020.01.13"]
[EventType "swiss"]
[EventRounds "9"]
[EventCountry "CHN"]
[TimeControl "5400+30"]

1. d4 d5 2. Nf3 Nf6 3. g3 Bf5 4. Bg2 e6 5. c4 c6 6. Qb3 Qb6 7. c5 Qc7 8. Bf4 Qc8 9. Nc3 Nbd7 10. Nh4 Bg6 11. Nxg6 hxg6 12. e4 dxe4 13. Nxe4 Nxe4 14. Bxe4 Nf6 15. Bf3 Be7 16. O-O-O Qd7 17. Kb1 O-O 18. h4 Nd5 19. Bg5 Rfd8 20. Bxd5 exd5 21. Bxe7 Qxe7 22. h5 gxh5 23. Rxh5 g6 24. Re5 Qd7 25. Rde1 Re8 26. Qe3 Rxe5 27. Qxe5 Qh3 28. a3 Rd8 29. Ka2 a6 30. Qe7 Rd7 31. Qf6 Kf8 32. Re3 Qh6 33. g4 Qg7 34. Re8+ Kxe8 35. Qxg7 Re7 36. Qg8+ Kd7 37. Qb8 f5 38. Qxb7+ Kd8 39. Qxc6 fxg4 40. Qxd5+ Rd7 41. Qa8+ Ke7 42. d5 Kf6 43. c6 Rxd5 44. c7 Re5 45. c8=Q Rf5 46. Qd8+ Ke5 47. Qe7+ Kd4 48. Qae4# 1-0

[Event "2nd China Binhai Open 2020"]
[Site "Tianjin"]
[Date "2020.01.13"]
[Round "1.28"]
[White "Wang, Zeyu"]
[Black "Zhang, Lanlin"]
[Result "1/2-1/2"]
[ECO "A00"]
[WhiteElo "1395"]
[BlackElo "2173"]
[PlyCount "102"]
[EventDate "2020.01.13"]
[EventType "swiss"]
[EventRounds "9"]
[EventCountry "CHN"]
[TimeControl "5400+30"]

1. e4 c5 2. Nf3 d6 3. d4 cxd4 4. Qxd4 Nc6 5. Bb5 Bd7 6. Bxc6 Bxc6 7. Nc3 Nf6 8. Bg5 e6 9. O-O-O Be7 10. Qd3 a6 11. Nd4 Bd7 12. f4 Qc7 13. Rhe1 h6 14. Bxf6 gxf6 15. f5 O-O-O 16. fxe6 fxe6 17. Qf3 Kb8 18. Kb1 Qa5 19. Nb3 Qb6 20. Qe3 Qxe3 21. Rxe3 Rhg8 22. g3 Rg5 23. Nd4 Rc8 24. Nf3 Rgc5 25. e5 d5 26. exf6 Bxf6 27. Ne5 Be8 28. Nd3 R5c6 29. Ne5 R6c7 30. h4 h5 31. Rd2 Rc5 32. Nd3 d4 33. Rxe6 dxc3 34. Rde2 Rf5 35. Rxe8 cxb2 36. Rxc8+ Kxc8 37. Rf2 Rxf2 38. Nxf2 Kd7 39. Nd3 Ke6 40. Nf4+ Kf5 41. Nxh5 Be5 42. Nf4 a5 43. Nd3 Bxg3 44. h5 b5 45. Kxb2 Bh4 46. Kb3 Bf6 47. a4 bxa4+ 48. Kxa4 Kg5 49. Kxa5 Bc3+ 50. Ka4 Kxh5 51. Kb3 Bd4 1/2-1/2

[Event "2nd China Binhai Open 2020"]
[Site "Tianjin"]
[Date "2020.01.13"]
[Round "1.29"]
[White "Sun, Yidi"]
[Black "Sun, Haiyang"]
[Result "1-0"]
[ECO "A00"]
[WhiteElo "2168"]
[BlackElo "1324"]
[PlyCount "85"]
[EventDate "2020.01.13"]
[EventType "swiss"]
[EventRounds "9"]
[EventCountry "CHN"]
[TimeControl "5400+30"]

1. e4 e6 2. d4 d5 3. e5 c5 4. c3 Nc6 5. Nf3 Bd7 6. Be2 Rc8 7. O-O Nge7 8. Na3 Nf5 9. Nc2 Be7 10. a3 O-O 11. b4 c4 12. g4 Nh4 13. Nxh4 Bxh4 14. f4 Be7 15. Bf3 Qb6 16. Be3 Qc7 17. Qe2 Rce8 18. Qg2 f6 19. exf6 Rxf6 20. f5 Qd6 21. Rae1 Kh8 22. Qd2 exf5 23. Bf4 Qxf4 24. Qxf4 fxg4 25. Bxd5 Rxf4 26. Rxf4 Bd6 27. Rxe8+ Bxe8 28. Rxg4 b5 29. Re4 Bd7 30. Bxc6 Bxc6 31. Re6 Bxh2+ 32. Kxh2 Bd7 33. Rd6 Be8 34. Rd8 Kg8 35. Rxe8+ Kf7 36. Re1 h5 37. d5 g5 38. d6 g4 39. d7 h4 40. d8=Q g3+ 41. Kh3 Kg6 42. Re6+ Kf5 43. Qf6# 1-0